 Dungeon Crawl Stone Soup version 0.31-a0-728-g01b46875f1 (webtiles) character file.

Game seed: 18038158939718893518

136 subawu the Changeling (level 5, -5/37 HPs)
             Began as a Merfolk Shapeshifter on Sept 11, 2023.
             Killed from afar by an orc wizard (10 damage)
             ... with a magic dart
             ... on level 4 of the Dungeon.
             The game lasted 00:10:32 (1599 turns).

subawu the Changeling (Merfolk Shapeshifter)        Turns: 1599, Time: 00:10:35

Health: -5/37      AC:  6    Str: 15    XL:     5   Next: 19%
Magic:  5/5        EV:  9    Int: 11    God:
Gold:   75         SH:  9    Dex: 13    Spells: 4/4 levels left

rFire   . .          .
                       - Unarmed
rCold   . . .        q - +0 buckler
rNeg    . . .        e - +0 scale mail
rPois   .            (helmet currently unavailable)
rElec   .            (cloak currently unavailable)
rCorr   .            (gloves currently unavailable)
SInv    .            (boots currently unavailable)
Will    .....        j - amulet of reflection Stlth
                     (no ring)
HPRegen 0.26/turn    (no ring)
MPRegen 0.09/turn

%: reflection
@: beast-form
A: beast (slay +2), (nimble swimmer 2), mertail
a: Begin Untransformation


You were on level 4 of the Dungeon.
You were a hulking beast.
You visited 1 branch of the dungeon, and saw 3 of its levels.

You collected 75 gold pieces.

Inventory:

Hand Weapons
 n - a +0 halberd
Armour
 a - a +0 animal skin
 e - a +0 scale mail (worn)
 q - a +0 buckler (worn)
Jewellery
 j - an amulet of reflection (around neck)
Talismans
 c - a beast talisman (active)
 d - a flux talisman
Scrolls
 l - a scroll of identify
 m - a scroll of enchant weapon
Potions
 f - 2 potions of attraction {unknown}
 g - a potion of cancellation {unknown}
 i - a potion of magic {unknown}
 k - a potion of berserk rage {unknown}
 o - a potion of curing {unknown}


   Skills:
 + Level 1.6 Fighting
 + Level 1.0 Armour
 + Level 3.1 Dodging
 + Level 0.2 Stealth
 + Level 0.4 Shields
 + Level 4.8 Unarmed Combat
 + Level 4.9 Shapeshifting


You had 4 spell levels left.
You didn't know any spells.
Your spell library contained the following spells:

 Spells                   Type           Power      Damage    Failure   Level
 Summon Small Mammal      Summ           0%         N/A       89%         1
 Wereblood                Tmut           0%         N/A       96%         2
 Call Canine Familiar     Summ           0%         N/A       99%         3
 Summon Guardian Golem    Hex/Summ       0%         N/A       99%         3
 Tukima's Dance           Hex            0%         N/A       99%         3
 Dimensional Bullseye     Hex/Tloc       0%         N/A       100%        4
 Iskenderun's Mystic Bla  Conj/Tloc      0%         2d3       100%        4
 Irradiate                Conj/Tmut      0%         3d11      100%        5


Dungeon Overview and Level Annotations

Branches:
Dungeon (2/15)

Altars:

Annotations:
D:2 1 runed translucent door, Crazy Yiuf, Robin


Innate Abilities, Weirdness & Mutations

You are a hulking beast.
Your limbs bulge with bestial killing power. (Slay +2)
((You are very nimble when in or above water. (Stealth+, EV+, Speed+++)))
Your lower body shifts to a powerful aquatic tail in water.


Message History

The orc hits you but does no damage. x2; The orc hits you with a +0 whip.
The orc hits you with a +0 whip.
* * * LOW HITPOINT WARNING * * *
Something hits you but does no damage. The orc hits you but does no damage. x3
Something hits you but does no damage. The orc hits you but does no damage. x4
Your transformation is almost over.
You feel less confused.
You hear some strange, mumbled words.
A magic dart appears from out of thin air!
The magic dart hits you but does no damage.
You block the orc's attack. The orc hits you but does no damage.
You block the orc's attack. The orc completely misses you.
Something hits you but does no damage. The orc hits you but does no damage. x3
You block the orc's attack. The orc hits you but does no damage.
You block something's attack. You block the orc's attack.
The orc hits you but does no damage. x2
The orc hits you but does no damage.
You hear some strange, mumbled words.
A puff of flame appears from out of thin air!
The puff of flame hits you but does no damage.
The orc hits you with a +0 club. The orc hits you but does no damage. x2
The orc hits you but does no damage. Something completely misses you.
The orc hits you but does no damage. x2; You block the orc's attack.
Something hits you but does no damage. You block the orc's attack.
The orc hits you but does no damage. You block the orc's attack.
The orc hits you but does no damage. Something hits you but does no damage.
You block the orc's attack. x2
The orc hits you but does no damage. x2
You hear some strange, mumbled words.
Something tries to affect you, but you resist.
You block the orc's attack. x2; The orc hits you with a +0 flail.
* * * LOW HITPOINT WARNING * * *
The orc hits you but does no damage.
You feel less wooden.
Your +0 scale mail unmelds from your body.
You turn into a hulking beast.
The orc hits you with a +0 whip.
* * * LOW HITPOINT WARNING * * *
You hear some strange, mumbled words.
A magic dart appears from out of thin air!
The magic dart hits you!
You die...

#.........#.,,,,,,*,,,
###............,_,,,,,,*
###.........#..,,,,,*,,*
*********#####....##.##.,,,,*****
,,,,,,*,,..###...?##..##,,,**,,,*
,,,,,,*,,....+.........#*,**,,,,,
,,,,,,+,<.?..#.........#,,<,,,,,,
,,,,,,*,,....#.o{o.....#,,,,,,,,*
,,,,,,***######oho##...#*,,****+*
*+******,...###...######*,,**,,,*
,,,,,,,,,...............,,,,*,,,,
,,,,,,,,,....$..........,,,,*,,,,
,,,,,,,,,...............,,,,+,,,,
,,,**,**,.##.##...##?...,,,**,,,*
,,,**,***+#####...######+*****+**
,,,,>,,,,...............,,,**,,,*
,,,,,,,,,,,,,,,,,,,,,,,,,,,,*,,,,


You could see 4 orcs.

Vanquished Creatures
  An iguana (D:4)
  3 gnolls (D:2)
  An adder (D:2)
  An ufetubus (D:4)
  A worm (D:2)
  A dart slug (D:2)
  7 ball pythons
  5 bats
  4 endoplasms (D:1)
  3 giant cockroaches (D:1)
  10 goblins
  4 hobgoblins
  2 jackals (D:2)
  6 kobolds
  3 quokkas
  A frilled lizard (D:1)
  5 rats
58 creatures vanquished.

Notes
Turn   | Place    | Note
-------+----------+-------------------------------------------
     0 | D:1      | subawu the Merfolk Shapeshifter began the quest for the
                  | Orb.
     0 | D:1      | Reached XP level 1. HP: 15/15 MP: 1/1
   140 | D:1      | Reached XP level 2. HP: 21/21 MP: 2/2
   414 | D:1      | Reached XP level 3. HP: 26/26 MP: 3/3
  1041 | D:2      | Found a runed translucent door.
  1042 | D:2      | Noticed Crazy Yiuf
  1116 | D:2      | Reached XP level 4. HP: 22/32 MP: 4/4
  1340 | D:2      | Noticed Robin
  1510 | D:2      | You fall into a shaft and drop 2 floors!
  1526 | D:4      | Reached skill level 1 in Armour
  1526 | D:4      | Reached XP level 5. HP: 32/37 MP: 5/5
  1599 | D:4      | Killed from afar by an orc wizard

Illustrated notes

Levels and vault maps discovered:
D:1:      dpeg_arrival_tiny_a, layout_loops_ring
D:2:      layout_loops_cross, minmay_hexomino_c4, uniq_robin,
          uniq_crazy_yiuf_cottage
D:4:      layout_gridville, nicolae_wu_jian_immortal_techniques,
          lemuel_round_altar

Skill      XL: |  1  2  3  4 |
---------------+-------------+-----
Unarmed Combat | 4 |  4.8
Dodging        | 3 |  3.1
Armour         | 1 |  1.0
Fighting       | |  1.6
Stealth        | |  0.2
Shields        | |  0.4
Shapeshifting  | |  4.9

Action                     |  1- 3 |  4- 6 || total
---------------------------+-------+-------++-------
  Melee: Unarmed           |    95 |    52 ||   147
         Punch             |     6 |     1 ||     7
    Use: Scroll            |       |     3 ||     3
         Potion            |       |     1 ||     1
 Armour: Scale mail        |    52 |    50 ||   102
         Skin              |       |   113 ||   113
  Dodge: Dodged            |    45 |    46 ||    91
  Block: Other             |    17 |    14 ||    31
         Buckler           |       |    34 ||    34

Table legend: (Time is in decaauts)
 A = Elapsed time spent in this place.
 B = Non-inter-level travel time spent in this place.
 C = Inter-level travel time spent in this place.
 D = Time resting spent in this place.
 E = Time spent auto-exploring this place.
 F = Levels seen in this place.
 G = Mean time per level.
                   A        B        C        D        E       F      G
               +--------+--------+--------+--------+--------+-----+--------+
         Total |   1589 |   1588 |      1 |      0 |    499 |   3 |  529.7 |
       Dungeon |   1589 |   1588 |      1 |      0 |    499 |   3 |  529.7 |
               +--------+--------+--------+--------+--------+-----+--------+

Top non-repeatable levels by time:
     D:1: 920 daAuts
     D:2: 579 daAuts
     D:4: 88 daAuts
